 Dungeon Crawl Stone Soup version 0.29-a0-506-ga2e7fffb44 (webtiles) character file.

Game seed: 18360990434626933452

93 RustandSilver the Ruffian (level 4, -1/37 HPs)
             Began as a Palentonga Berserker on May 29, 2022.
             Was a Believer of Trog.
             Slain by a kobold
             ... wielding a +0 short sword
              (3 damage)
             ... on level 3 of the Dungeon.
             The game lasted 00:12:39 (1492 turns).

RustandSilver the Ruffian (Palentonga Berserker)    Turns: 1492, Time: 00:12:40

Health: -1/37      AC:  6    Str: 22    XL:     4   Next: 36%
Magic:  4/4        EV:  8    Int:  8    God:    Trog [**....]
Gold:   54         SH:  0    Dex:  9    Spells: 3/3 levels left

rFire   . . .      SeeInvis +     - Unarmed
rCold   . . .      Faith    .   (no shield)
rNeg    . . .      Spirit   .   f - +0 scale mail
rPois   .          Reflect  .   (no helmet)
rElec   .          Harm     .   (no cloak)
rCorr   .          Rampage  .   (no gloves)
Will    .....                   (no barding)
Stlth   ..........              (no amulet)
HPRegen 0.12/turn               (no ring)
MPRegen 0.09/turn               (no ring)

@: no status effects
A: large, rugged brown scales 3, see invisible, deformed body, roll 1, armoured
tail
a: Rolling Charge, Renounce Religion, Berserk, Trog's Hand


You were on level 3 of the Dungeon.
You worshipped Trog.
Trog was pleased with you.
You visited 1 branch of the dungeon, and saw 3 of its levels.

You collected 54 gold pieces.

Inventory:

Armour
 a - a +0 animal skin
 f - a +0 scale mail (worn)
Jewellery
 e - an amulet of guardian spirit
Wands
 c - a wand of mindburst (11)
Scrolls
 b - a scroll of vulnerability
 g - 2 scrolls of noise {unknown}
 h - a scroll of summoning {unknown}
Potions
 d - a potion of mutation {unknown}


   Skills:
 + Level 3.5 Fighting
 + Level 1.9 Armour
 + Level 2.1 Dodging
 + Level 4.3 Unarmed Combat


You had 3 spell levels left.
You didn't know any spells.
Your spell library contained the following spells:

 Spells                   Type           Power      Damage    Failure   Level
 Stone Arrow              Conj/Erth      0%         3d7       98%         3
 Animate Armour           Summ/Erth      0%         N/A       100%        4
 Lehudib's Crystal Spear  Conj/Erth      0%         10d2      100%        8


Dungeon Overview and Level Annotations

Branches:
Dungeon (3/15)

Altars:

Shops:
D:1 *


Innate Abilities, Weirdness & Mutations

You are completely covered in rugged brown scales. (AC +3, +7% HP)
You have supernaturally acute eyesight. (SInv)
Armour fits poorly on your strangely shaped body.
You can roll at nearby foes to attack.
You have a long armoured tail.


Message History

Welcome back, RustandSilver the Palentonga Berserker.
Trog says: Kill them all!
Press ? for a list of commands and other information.
There is a stone staircase leading up, spattered with blood here.
Things that are here:
a +0 dagger; an orc corpse
There is a stone staircase leading up, spattered with blood here.
Things that are here:
a +0 dagger; an orc corpse You start to feel less resistant.
Your resistance to elements expires.
You feel yourself speed up.
You feel a little less mighty now.
You recover from your berserk rage.
An adder comes into view.
The adder hisses angrily.
A kobold comes into view. It is wielding a +0 short sword.
The kobold shouts!
You hit the adder.
The adder is lightly wounded.
The adder barely misses you.
You barely miss the adder.
The adder is lightly wounded.
The adder bites you but does no damage.
You miss the adder.
The adder is lightly wounded.
The kobold barely misses you. The adder bites you.
* * * LOW HITPOINT WARNING * * *
You barely miss the adder. You punch the adder, but do no damage.
The adder is lightly wounded.
The adder bites you.
* * * LOW HITPOINT WARNING * * *
The kobold hits you with a +0 short sword.
* * * LOW HITPOINT WARNING * * *
You closely miss the adder.
Your tail-slap misses the adder.
The adder is lightly wounded.
The adder bites you but does no damage. The kobold hits you but does no damage.
The adder bites you but does no damage. The kobold attacks as you move away!
The kobold hits you with a +0 short sword.
You die...

#..##.##.#
#........#
#.####.###
######........#
#...........###
#.###########
##.## #...#
#S@.# #..K....#
#............
#........####
#.##...### #.
#...# . .#.## .
...#


You could see an adder and a kobold.

Vanquished Creatures
  Terence (D:3)
  2 adders (D:2)
  A worm (D:2)
  2 dart slugs
  4 orcs
  3 ball pythons
  3 endoplasms
  2 giant cockroaches (D:1)
  2 hobgoblins (D:1)
  2 jackals (D:1)
  4 kobolds
  3 frilled lizards (D:1)
  6 goblins
  7 rats (D:1)
42 creatures vanquished.

Notes
Turn   | Place    | Note
-------+----------+-------------------------------------------
     0 | D:1      | RustandSilver the Palentonga Berserker began the quest for
                  | the Orb.
     0 | D:1      | Reached XP level 1. HP: 19/19 MP: 1/1
    85 | D:1      | Reached XP level 2. HP: 14/25 MP: 2/2
    86 | D:1      | Found Tuekh's General Store.
   526 | D:1      | Reached ** piety under Trog
   694 | D:1      | Reached XP level 3. HP: 21/31 MP: 3/3
  1026 | D:2      | Reached skill level 4 in Unarmed Combat
  1424 | D:3      | Noticed Terence
  1431 | D:3      | Reached XP level 4. HP: 4/37 MP: 4/4
  1434 | D:3      | HP: 2/55 [Terence/+0 mace (3)]
  1438 | D:3      | Killed Terence
  1439 | D:3      | HP: 1/55 [goblin/+0 dagger (2)]
  1492 | D:3      | Slain by a kobold

Illustrated notes

Levels and vault maps discovered:
D:1:      wander_arrival_peaceful_grave, layout_basic, serial_shops, shop,
          minmay_misc_feat_encased, chequers_serial_rivers_micro_e
D:2:      layout_loops_corners, minivault_4, st_stairs_8,
          kennysheep_generic_room_2
D:3:      layout_loops_ring, lemuel_round_altar,
          nicolae_ecumenical_snake_handling, uniq_terence

Skill      XL: |  1  2  3 |
---------------+----------+-----
Unarmed Combat | 4 |  4.3
Dodging        | 2 |  2.1
Fighting       | |  3.5
Armour         | |  1.9

Action                   |  1- 3 |  4- 6 || total
-------------------------+-------+-------++-------
Melee: Unarmed           |   110 |    13 ||   123
       Tailslap          |    12 |       ||    12
       Punch             |     2 |     1 ||     3
Invok: Trog's Hand       |     1 |       ||     1
       Berserk           |       |     1 ||     1
  Use: Scroll            |     7 |       ||     7
       Potion            |     3 |     1 ||     4
Armor: Animal skin       |    39 |       ||    39
       Scale mail        |    11 |     5 ||    16
Dodge: Dodged            |    50 |     6 ||    56

Table legend: (Time is in decaauts)
 A = Elapsed time spent in this place.
 B = Non-inter-level travel time spent in this place.
 C = Inter-level travel time spent in this place.
 D = Time resting spent in this place.
 E = Time spent auto-exploring this place.
 F = Levels seen in this place.
 G = Mean time per level.
                   A        B        C        D        E       F      G
               +--------+--------+--------+--------+--------+-----+--------+
         Total |   1494 |   1455 |     39 |      0 |      0 |   3 |  498.0 |
       Dungeon |   1494 |   1455 |     39 |      0 |      0 |   3 |  498.0 |
               +--------+--------+--------+--------+--------+-----+--------+

Top non-repeatable levels by time:
     D:1: 746 daAuts
     D:2: 664 daAuts
     D:3: 84 daAuts
